 Dungeon Crawl Stone Soup version 0.28.0 (webtiles) character file.

Game seed: 15951218954075107796

9649 issech the Basher (level 11, -5/96 HPs)
             Began as a Troll Monk on Feb 11, 2022.
             Was a Priest of Hepliaklqana.
             Slain by a raiju (9 damage)
             ... on level 1 of the Lair of Beasts.
             The game lasted 00:39:55 (8920 turns).

issech the Basher (Troll Monk)                      Turns: 8920, Time: 00:39:55

Health: -5/96      AC: 25    Str: 27    XL:     11   Next: 25%
Magic:  10/10      EV: 11    Int:  6    God:    Hepliaklqana [***...]
Gold:   557        SH:  0    Dex: 22    Spells: 10/10 levels left

rFire   x . .      SeeInvis .   A - +3 flail (protect)
rCold   + + .      Faith    .   (no shield)
rNeg    . . .      Spirit   .   c - +3 ice dragon scales
rPois   .          Reflect  .   C - +2 hat
rElec   .          Harm     .   (no cloak)
rCorr   .          Rampage  .   (gloves unavailable)
Will    .....                   (boots unavailable)
Stlth   ..........              (no amulet)
HPRegen 1.06/turn               Q - +6 ring of dexterity
MPRegen 0.12/turn               a - +6 ring of strength

@: confused, under a protective aura
A: reduced essence, large, unfitting armour, claws 3, regeneration 1, shaggy fur
1, tough skin 1
a: Renounce Religion, Recall Ancestor, Ancestor Identity, Transference


You were on level 1 of the Lair of Beasts.
You worshipped Hepliaklqana.
Hepliaklqana was most pleased with you.
You visited 3 branches of the dungeon, and saw 10 of its levels.

You collected 557 gold pieces.

Inventory:

Hand Weapons
 m - a +4 dagger of venom
 n - a +0 trident of distortion
 r - a +2 vorpal trident
 A - a +3 flail of protection (weapon)
 F - a +0 shortbow
 I - a +0 hunting sling
 J - a +0 giant club
 N - a +1 flail of venom
 W - a +6 scimitar
Missiles
 b - 29 bolts
 g - 3 large rocks
 h - 280 stones (quivered)
 s - 2 boomerangs
 x - 137 arrows
 y - 81 sling bullets
 E - 31 poisoned darts
 L - a curare-tipped dart
Armour
 c - +3 ice dragon scales (worn)
 e - an orb of wrath
 C - a +2 hat (worn)
 O - a +2 robe of cold resistance
 S - an orb of mayhem
Magical Staves
 R - a staff of air
 U - a staff of poison
Jewellery
 a - a +6 ring of strength (right claw)
 f - a ring of protection from fire
 j - a ring of resist corrosion
 H - a ring of wizardry
 Q - a +6 ring of dexterity (left claw)
Wands
 i - a wand of flame (21)
 v - a wand of iceblast (16)
 D - a wand of mindburst (8)
 P - a wand of acid (11)
Scrolls
 o - a scroll of silence
 p - 4 scrolls of magic mapping
 u - 4 scrolls of immolation
 w - 2 scrolls of teleportation
 G - 2 scrolls of fear
 M - a scroll of identify
 T - a scroll of enchant armour
 X - a scroll of vulnerability
Potions
 d - 4 potions of curing {unknown}
 k - 3 potions of heal wounds {unknown}
 l - 2 potions of ambrosia {unknown}
 q - a potion of lignification {unknown}
 t - a potion of attraction {unknown}
 z - a potion of mutation {unknown}
 B - 3 potions of cancellation {unknown}
 K - a potion of degeneration {unknown}
 Z - a potion of resistance {unknown}


   Skills:
 + Level 6.6 Fighting
 + Level 1.7 Short Blades
 + Level 11.0 Maces & Flails
 + Level 2.3 Polearms
 + Level 6.6 Armour
 + Level 5.5 Dodging
 + Level 2.2 Stealth


You had 10 spell levels left.
You didn't know any spells.
Your spell library contained the following spells:

 Spells                   Type           Power      Damage    Failure   Level
 Sandblast                Erth           0%         2d4       77%         1
 Corpse Rot               Necr/Air       0%         N/A       88%         2
 Passwall                 Tmut/Erth      0%         N/A       88%         2
 Poisonous Vapours        Pois/Air       0%         N/A       88%         2
 Ignite Poison            Fire/Tmut/Pois 0%         N/A       98%         3
 Mephitic Cloud           Conj/Pois/Air  0%         N/A       98%         3
 Stone Arrow              Conj/Erth      0%         3d7       98%         3
 Passage of Golubria      Tloc           0%         N/A       100%        4
 Freezing Cloud           Conj/Ice/Air   0%         6-21      100%        5
 Silence                  Hex/Air        0%         N/A       100%        5
 Lehudib's Crystal Spear  Conj/Erth      0%         10d2      100%        8


Dungeon Overview and Level Annotations

Branches:
Dungeon (8/15)             Temple (1/1) D:6            Lair (1/6) D:8

Altars:
Cheibriados
Dithmenos
Elyvilon
Hepliaklqana
Makhleb
Nemelex Xobeh
Okawaru
Qazlal
Ru
Trog
Uskayaw
Wu Jian
Xom
Yredelemnul
Zin
The Shining One

Portals:
Abyss: Lair:1

Annotations:
Lair:1 1 transporter, dang3rdave's ghost, journeyman DsGl


Innate Abilities, Weirdness & Mutations

Your life essence is reduced to manifest your ancestor. (-10% HP)
You are too large for most types of armour.
You have claws for hands.
Your natural rate of healing is unusually fast.
You are covered in fur. (AC +1)
You have tough skin. (AC +1)


Message History

You sock the raiju!
Your weapon exudes an aura of protection.
The raiju is moderately wounded.
The thrashing horror tramples Eshargamelat!
Eshargamelat holds her ground!
Eshargamelat is destroyed!
The spriggan hits you but does no damage.
Space warps horribly around you! The raiju bites you but does no damage.
You barely miss the raiju.
The raiju is moderately wounded.
The thrashing horror tramples you but does no damage.
The thrashing horror tramples you.
You hold your ground!
The cacodemon gestures at you.
You struggle to resist.
The thrashing horror closely misses you.
The thrashing horror completely misses you.
The spriggan hits you but does no damage.
Space warps around you! The raiju bites you. The raiju shocks you!
* * * LOW HITPOINT WARNING * * *
You completely miss the raiju.
The raiju is moderately wounded.
The thrashing horror roars!
The thrashing horror closely misses you.
The thrashing horror tramples you but does no damage.
The cacodemon gestures at you.
You struggle to resist.
You feel yourself growing ill in the presence of the ancient zyme.
Dang3rdave's ghost hits you.
* * * LOW HITPOINT WARNING * * *
The spriggan misses you.
You bludgeon the raiju!!
The raiju is severely wounded.
The thrashing horror tramples you!
* * * LOW HITPOINT WARNING * * *
You hold your ground!
The thrashing horror closely misses you.
The raiju bites you.
* * * LOW HITPOINT WARNING * * *
The raiju shocks you!
You die...

.#####......####....###....#####'
.#.##....####.u##..##$#..........
........##∩h.#xW#©.#..#..........
........#.#...u##..# .##.........
........##...###...##..#.........
.........##.##....##..##.........
##.#.....##..##.###...##.........
........##....###Xux###..........
#.......#..#...h@i#©#........##..
#.......##..####W.#.##......#####
#........##W......u..##...##....>
#.........#....####2$.##..##.....
#........##.W.##..#....#..##.....
.........#.)###...###=##..#####'.
.#..#....####.......###...#.###.#
.....................©...........
.................................


You could see a cacodemon, 2 ugly things, an ancient zyme, a thrashing horror, a
raiju, a spriggan and dang3rdave's ghost.

Vanquished Creatures
  2 komodo dragons (Lair:1)
  Grinder (D:3)
  10 yaks (Lair:1)
  Sigmund (D:5)
  A steam dragon (D:7)
  Edmund (D:4)
  4 water moccasins
  An orc warrior (D:6)
  A necrophage (D:7)
  An ogre (D:5)
  2 black bears
  A wolf (Lair:1)
  A centaur (D:4)
  A kobold brigand (D:6)
  4 bullfrogs
  2 scorpions (D:6)
  10 killer bees
  2 wights (D:8)
  A howler monkey (D:5)
  A bullfrog zombie (D:5)
  A quasit (D:8)
  2 hounds (D:4)
  4 orc priests
  A jelly (D:7)
  2 bullfrog skeletons
  Natasha (twice) (D:2)
  3 orc wizards
  Ijyb (D:3)
  Terence (D:3)
  3 hell rats (Lair:1)
  An iguana (D:5)
  Robin (D:3)
  12 gnolls
  A howler monkey skeleton (D:6)
  8 adders
  6 river rats
  An ufetubus (D:5)
  An adder skeleton (D:4)
  4 dart slugs
  25 orcs
  9 endoplasms
  7 giant cockroaches
  17 goblins
  13 hobgoblins
  4 jackals (D:3)
  5 quokkas
  7 ball pythons
  4 bats
  4 frilled lizards
  2 hobgoblin zombies (D:8)
  11 kobolds
  2 kobold zombies (D:8)
  An orc skeleton (D:8)
  23 rats
  A butterfly (D:6)
238 creatures vanquished.

Vanquished Creatures (collateral kills)
  2 hydras (Lair:1)
  A black mamba (Lair:1)
  2 cane toads (Lair:1)
  A wyvern (D:7)
  2 yaks (Lair:1)
  A steam dragon (D:8)
  4 water moccasins
  3 wolves (Lair:1)
  2 centaurs
  5 bullfrogs
  2 killer bees (D:8)
  A wight (D:8)
  A gnoll shaman (D:8)
  An iguana (D:6)
  An orc wizard (D:7)
  2 hell rats (Lair:1)
  A killer bee zombie (D:8)
  An adder (D:6)
  6 river rats
  2 orcs
  2 goblin zombies (D:8)
  A kobold skeleton (D:8)
  8 rats
52 creatures vanquished.

Vanquished Creatures (others)
  4 battlemagi
  2 fungi (Lair:1)
  2 plants (Lair:1)
8 creatures vanquished.

Grand Total: 298 creatures vanquished

Notes
Turn   | Place    | Note
-------+----------+-------------------------------------------
     0 | D:1      | issech the Troll Monk began the quest for the Orb.
     0 | D:1      | Reached XP level 1. HP: 22/22 MP: 0/0
   181 | D:1      | Reached XP level 2. HP: 28/29 MP: 1/1
   282 | D:1      | Reached skill level 3 in Maces & Flails
   362 | D:1      | Reached XP level 3. HP: 24/36 MP: 2/2
   646 | D:1      | Found a faded altar of an unknown god.
   919 | D:1      | Found a shimmering altar of Xom.
  1002 | D:2      | Identified a scroll of acquirement
  1004 | D:2      | Acquired +1 ice dragon scales
  1276 | D:2      | Noticed Natasha
  1291 | D:2      | Killed Natasha
  1292 | D:2      | Reached XP level 4. HP: 33/44 MP: 3/3
  1620 | D:2      | Noticed Natasha
  1625 | D:2      | Killed Natasha
  2107 | D:3      | Reached XP level 5. HP: 53/53 MP: 4/4
  2197 | D:3      | Noticed Grinder
  2208 | D:3      | Killed Grinder
  2209 | D:3      | Reached skill level 1 in Short Blades
  2209 | D:3      | Reached skill level 4 in Maces & Flails
  2209 | D:3      | Reached skill level 1 in Armour
  2209 | D:3      | Reached XP level 6. HP: 61/61 MP: 5/5
  2363 | D:3      | Noticed Robin
  2402 | D:3      | Killed Robin
  2422 | D:3      | Identified the +3 leather armour of Amelioration {+Blink
                  | MP+9 Dex+4}
  2486 | D:3      | Noticed Terence
  2487 | D:3      | Noticed Ijyb
  2496 | D:3      | Killed Ijyb
  2508 | D:3      | Killed Terence
  2509 | D:3      | Reached skill level 1 in Polearms
  2869 | D:4      | Found a basalt altar of Yredelemnul.
  2996 | D:4      | Noticed Edmund
  3023 | D:4      | Killed Edmund
  3024 | D:4      | Reached XP level 7. HP: 45/67 MP: 6/6
  3216 | D:4      | Identified the +4 ring mail of the Stag {Harm *Slow Int+2
                  | Slay+3}
  3442 | D:4      | Reached XP level 8. HP: 78/78 MP: 7/7
  3671 | D:5      | Entered Level 5 of the Dungeon
  3768 | D:5      | Reached skill level 5 in Maces & Flails
  3872 | D:5      | Found a stormy altar of Qazlal.
  4051 | D:5      | Noticed Sigmund
  4059 | D:5      | Killed Sigmund
  4218 | D:5      | Found a burning altar of Makhleb.
  4225 | D:5      | Reached skill level 6 in Maces & Flails
  4939 | D:6      | Found a staircase to the Ecumenical Temple.
  4981 | Temple   | Entered the Ecumenical Temple
  4990 | Temple   | Became a worshipper of Hepliaklqana the Forgotten
  4990 | Temple   | Reached * piety under Hepliaklqana
  4990 | Temple   | Reached ** piety under Hepliaklqana
  4991 | Temple   | Remembered your ancestor Eshargamelat as a battlemage
  5265 | D:6      | Reached skill level 7 in Maces & Flails
  5265 | D:6      | Reached XP level 9. HP: 65/76 MP: 8/8
  6086 | D:7      | Reached skill level 8 in Maces & Flails
  6107 | D:7      | Reached skill level 5 in Fighting
  6461 | D:8      | Reached skill level 5 in Armour
  6474 | D:8      | Found a glowing golden altar of the Shining One.
  6508 | D:8      | Reached *** piety under Hepliaklqana
  6613 | D:8      | Reached skill level 9 in Maces & Flails
  6920 | D:8      | Reached XP level 10. HP: 85/86 MP: 9/9
  7094 | D:8      | Found a staircase to the Lair.
  7237 | Lair:1   | Entered Level 1 of the Lair of Beasts
  7363 | Lair:1   | Reached skill level 5 in Dodging
  7427 | Lair:1   | Found a transporter.
  7461 | Lair:1   | Noticed a black mamba
  7468 | Lair:1   | Killed a black mamba
  7480 | Lair:1   | Noticed a cane toad
  7485 | Lair:1   | Killed a cane toad
  7486 | Lair:1   | Reached skill level 10 in Maces & Flails
  7702 | Lair:1   | Noticed a six-headed hydra
  7708 | Lair:1   | Killed a six-headed hydra
  8045 | Lair:1   | Reached XP level 11. HP: 94/95 MP: 10/10
  8067 | Lair:1   | Noticed a green ugly thing
  8443 | Lair:1   | Noticed an eight-headed hydra
  8450 | Lair:1   | Killed an eight-headed hydra
  8451 | Lair:1   | Reached skill level 11 in Maces & Flails
  8624 | Lair:1   | Found a transporter.
  8649 | Lair:1   | Noticed a red ugly thing
  8650 | Lair:1   | Noticed dang3rdave's ghost (journeyman DsGl)
  8650 | Lair:1   | Noticed a cacodemon
  8651 | Lair:1   | Found a one-way gate to the infinite horrors of the Abyss.
  8915 | Lair:1   | Noticed a thrashing horror
  8920 | Lair:1   | HP: 4/96 [raiju (4)]
  8920 | Lair:1   | Slain by a raiju

Illustrated notes

Levels and vault maps discovered:
D:1:      dpeg_arrival_water_altar, layout_basic, ebering_ecumenical_altar_hall,
          st_stairs_13, minmay_stone_trees_small
D:2:      layout_loops_corners, uniq_natasha
D:3:      minmay_angry_zag, layout_rooms, uniq_robin, uniq_grinder, uniq_ijyb,
          uniq_terence
D:4:      layout_basic, kennysheep_mini, minmay_increasing_density, uniq_edmund
D:5:      layout_loops_ring, grunt_qazlal_sundering,
          mainiacjoe_overflow_alcove_2, minmay_misc_feat_diagonals,
          eino_tiny_chamber, uniq_sigmund
D:6:      layout_rooms, minmay_temple_entry_butterflies, dk_rats_in_the_wall
D:7:      layout_rooms
D:8:      layout_cave_pods, nicolae_tso_besieged_by_evil, lair_entry_dummy
Temple:   hc_temple_tempest_star
Lair:1:   layout_regular_city, gammafunk_ghost_abyssal_escape,
          kennysheep_abandoned_house

Skill      XL: |  1  2  3  4  5  6  7  8  9 10 11 |
---------------+----------------------------------+-----
Maces & Flails | 3 4 7 9 10 11 | 11.0
Dodging        | 3 4 5 |  5.5
Fighting       | 3 4 5 6 |  6.6
Short Blades   | 1 |  1.7
Armour         | 1 2 3 5 6 |  6.6
Polearms       | 1 2 |  2.3
Stealth        | 2 |  2.2

Action                   |  1- 3 |  4- 6 |  7- 9 | 10-12 || total
-------------------------+-------+-------+-------+-------++-------
Melee: Mace              |   125 |     7 |       |       ||   132
       Dagger            |       |    99 |       |       ||    99
       Punch             |       |     4 |     4 |     4 ||    12
       Trident           |       |    85 |       |       ||    85
       Flail             |       |       |   412 |   178 ||   590
Throw: Stone             |       |       |     2 |       ||     2
Invok: Ancestor Life: Ba |       |       |     1 |       ||     1
  Use: Scroll            |     3 |     5 |     5 |     2 ||    15
 Stab: Sleeping          |     1 |       |       |       ||     1
       Distracted        |       |       |     1 |     3 ||     4
Armor: Robe              |    46 |       |       |       ||    46
       Ice dragon scales |    19 |   159 |   440 |   140 ||   758
Dodge: Dodged            |    91 |   104 |   322 |   108 ||   625
